 Dungeon Crawl Stone Soup: Circus Animals version 1.7-37-g2c94cca (webtiles) character file.

5432 Ihatecarrots00 the Cleaver (level 15, 205/205 (209) HPs) *EASY*
             Began as a Lava Orc Berserker on Sept 19, 2016.
             Was the Champion of Trog.
             Quit the game on level 7 of the Lair of Beasts.
             The game lasted 00:48:56 (20492 turns).

Ihatecarrots00 the Cleaver (Lava Orc Berserker)    Turns: 20492, Time: 00:48:57

HP:   205/205 (209) AC: 26    Str: 24    XL:     15   Next: 16%
MP:   33/33         EV: 11    Int:  9    God:    Trog [******]
Gold: 572           SH:  0    Dex: 11    Spells: 1 memorised, 17 levels left

rFire  + + +     rPois    .     A - +1 executioner's axe (antimagic)
rCold  x . .     rElec    .     d - +2 plate armour
rNeg   . . .     rCorr    .     (shield currently unavailable) MagicSh . . . SeeInvis .
                                c - +2 helmet StaminaSh . . . Faith .
                                (no cloak) RegenHP +++++.....
SustAt .                        (no gloves) RegenSP +++....... Dismiss .
                                (no boots) RegenMP ++........ Reflect .
                                (no amulet)
MR     ++...     Harm     .     (no ring)
Stlth  ..........               (no ring)

@: focus, very resistant to hostile enchantments, extremely unstealthy
A: no striking features
a: Berserk, Trog's Hand, Brothers in Arms, Burn Spellbooks, Renounce Religion


You were on level 7 of the Lair of Beasts.
You worshipped Trog.
Trog was exalted by your worship.
You were not hungry.

You visited 2 branches of the dungeon, and saw 14 of its levels.
You also visited: Sewer.

You collected 878 gold pieces.
You spent 306 gold pieces at shops.

Inventory:

Hand Weapons
 k - a +3 antimagic battleaxe
 t - a +3 antimagic broad axe
 w - a +6 antimagic quick blade
 A - a +1 antimagic executioner's axe (weapon)
Armour
 c - a +2 helmet (worn)
 d - a +2 plate armour (worn)
 f - a +0 helmet
 C - a steam dragon hide
Jewellery
 b - an uncursed ring of resist corrosion
 e - an uncursed ring of flight
 g - a +3 ring of dexterity
 h - an uncursed ring of fire
 i - an uncursed ring of fire
 n - an uncursed ring of protection from fire
 o - the ring "Cotizo" {SustAt Dex+2, unknown}
   (You found it on level 4 of the Lair of Beasts)

   [ring of sustain attributes]

   It sustains your strength, intelligence and dexterity.
   It affects your dexterity (+2).
 p - an uncursed amulet of stamina regeneration
 s - an uncursed ring of ice
 u - a +4 ring of evasion
 v - an uncursed ring of ice
 x - a cursed ring of protection from cold
 B - a +4 ring of strength {unknown}
Wands
 a - a wand of lightning (6/15)
 j - a wand of flame (27/48)
 l - a wand of polymorph (9/24)
 m - a wand of iceblast (23/45)
 q - a wand of heal wounds (1/9)
 r - a wand of confusion (37/96)
 y - a wand of slowing (17/48)
 z - a wand of random effects (44/48)
Scrolls
 e - 6 scrolls of enchant armour
 g - 5 scrolls of random uselessness
 m - 11 scrolls of teleportation
 s - 2 scrolls of magic mapping
 v - 3 scrolls of fog
 w - 3 scrolls of blinking
 x - 4 scrolls of noise
 C - 4 scrolls of immolation
 D - 4 scrolls of remove curse
 F - a scroll of fear
 G - 3 scrolls of identify
Potions
 a - 8 potions of heal wounds
 b - 15 potions of stamina
 c - 13 potions of magic
 d - 7 potions of flight
 f - 16 potions of curing
 h - 5 potions of agility
 i - 5 potions of degeneration
 j - 3 potions of brilliance
 k - 2 potions of beneficial mutation
 l - a potion of weak mutation
 n - 3 potions of invisibility
 o - 6 potions of lignification
 p - 2 potions of might
 q - 2 potions of berserk rage
 t - 3 potions of mutation
 u - 3 potions of ambrosia
 A - 4 potions of haste
 B - a potion of cure mutation
 E - 2 potions of resistance {unknown}
Books
 r - a Necronomicon

   Spells                             Type                      Level
   a - Haunt                          Necromancy/Summoning         7
   b - Borgnjor's Revivification      Necromancy                   8
   c - Death's Door                   Charms/Necromancy/Time       8
   d - Infestation                    Necromancy                   8
   e - Necromutation                  Transmutation/Necromancy     8
   Trog disapproves of the use of such an item.
 y - the Catalogue of Cankerous Darkness
   (You found it on level 6 of the Dungeon)

   Spells                             Type                      Level
   a - Sting                          Conjuration/Poison           1
   b - Confuse                        Hexes/Darkness               3
   c - Summon Demon                   Summoning/Darkness           5
   d - Poisonous Cloud                Conjuration/Poison/Air       6
   Trog disapproves of the use of such an item.
 z - a book of Fire

   Spells                             Type                      Level
   a - Ignite Poison                  Fire/Transmutation/Poison    3
   b - Fireball                       Conjuration/Fire/Light       5
   c - Bolt of Fire                   Conjuration/Fire             6
   d - Delayed Fireball               Conjuration/Fire/Time        7
   e - Ring of Flames                 Charms/Fire                  7
   Trog disapproves of the use of such an item.
 H - a book of Beasts

   Spells                             Type                      Level
   a - Summon Butterflies             Summoning/Air                1
   b - Call Canine Familiar           Summoning/Earth              3
   c - Summon Ice Beast               Ice/Summoning                4
   d - Summon Mana viper              Hexes/Summoning              5
   e - Summon Hydra                   Summoning                    7
   Trog disapproves of the use of such an item.


   Skills:
 + Level 9.9 Fighting
 + Level 6.2 Short Blades
 + Level 10.6 Axes
 + Level 8.7 Armour
 + Level 6.6 Dodging
 - Level 2.2 Spellcasting


You had 17 spell levels left.
You knew the following spells:

 Your Spells              Type           Power        Failure   Level  Hunger
a - Sting                 Conj/Pois      #.........   11%         1    ##.....


Dungeon Overview and Level Annotations

Branches:
Dungeon (7/7)                Lair (7/7) D:7          Shoals (0/4) Lair:6
  Snake (0/4) Lair:4        Swamp (0/4) Lair:5
    Orc: Lair:7

Altars:
Cheibriados
Fedhas
Gozag
Qazlal
Ru
Xom
Yredelemnul
Zin

Shops:
D:4 *   D:6 ?   D:7 *


Message History

No target in view!
No target in view!
No target in view!
You should not fight recklessly!
You should not fight recklessly!
You should not fight recklessly!
No target in view!
No target in view!
No target in view!
No target in view!
No target in view!
No target in view!
No target in view!
No target in view!
No target in view!
No target in view!
No target in view!
Unknown command.
Unknown command.
Are you sure you want to abandon this character and quit the game? (Confirm with "yes".)

...........###.#...........
..........P.P#..P†....≈≈≈≈≈
..#..#.##..P..........≈≈≈≈≈
....###.##.PP.....†...≈≈###
....###.....PP...#.##.≈≈#
.........†........###.≈≈#
..#......†......†.##..≈≈#
P..#.........P#....#..≈≈#
PP#.#........P##@.....≈≈#
##.........P####....≈≈#########
#..........# #.....≈≈≈≈≈≈≈≈≈≈≈
#.#.........### #...≈≈≈≈≈≈≈≈≈≈≈
#.............# #...†..........
.....(......####....##.....##P
..#........P#....###....PP###
..#......P..#.#...#.....####
.....P†....#...#.###P..###..


There were no monsters in sight!

Vanquished Creatures
  9 hydras
  Josephine (Lair:5)
  Fannar (Lair:1)
  2 catoblepae
  17 death yaks
  A fire crab (Lair:7)
  2 griffons
  4 lindwurms (Lair:4)
  22 elephants
  3 torpor snails
  14 black mambas
  13 komodo dragons
  12 spiny frogs
  5 rime drakes
  A snapping turtle (Lair:6)
  5 polar bears
  A two-headed ogre (Lair:4)
  Grinder (D:7)
  27 blink frogs
  10 hippogriffs
  4 wraiths (Lair:5)
  63 yaks
  5 basilisks
  3 wyverns
  A phantom (D:5)
  2 nagas (Lair:4)
  3 black bears (Lair:4)
  2 hell hounds (D:7)
  14 water moccasins
  A steam dragon (Lair:6)
  2 sky beasts
  An ogre (D:5)
  Jessica (D:2)
  22 crocodiles
  An orc warrior (D:7)
  11 porcupines
  3 big kobolds (Sewer)
  3 centaurs
  11 wolves
  13 giant frogs
  A gnoll sergeant (D:5)
  4 scorpions
  A centaur zombie (D:7)
  A giant frog zombie (D:5)
  A giant frog skeleton (D:5)
  3 killer bees (D:7)
  6 electric eels
  12 dart slugs
  A hound (D:6)
  A howler monkey (D:4)
  An orc priest (D:4)
  An orc wizard (D:5)
  6 giant geckos
  A gnoll shaman (D:7)
  11 iguanas
  19 orcs
  41 sheep
  6 worker ants
  13 adders
  15 bats
  3 crimson imps
  13 giant cockroaches
  14 gnolls
  8 goblins
  11 hobgoblins
  10 jackals
  2 quokkas
  53 river rats
  A shadow imp (D:6)
  An adder skeleton (D:5)
  An adder zombie (D:6)
  6 ball pythons
  A giant gecko zombie (D:5)
  8 giant newts
  5 hound skeletons
  A hound zombie (D:5)
  24 kobolds
  An ooze (D:6)
  A quokka skeleton (D:5)
  9 rats
  8 worms
  8 fungi
  10 plants
661 creatures vanquished.

Vanquished Creatures (others)
  6 fungi
  3 plants
9 creatures vanquished.

Grand Total: 670 creatures vanquished

Notes
Turn   | Place    | Note
-------+----------+-------------------------------------------
     0 | D:1      | Ihatecarrots00 the Lava Orc Berserker began the quest for the Orb.
     0 | D:1      | Reached XP level 1. HP: 39/39 MP: 100/100
   141 | D:1      | Reached XP level 2. HP: 51/51 MP: 100/100
   208 | D:1      | Reached XP level 3. HP: 61/63 MP: 100/100
   209 | D:1      | Reached ** piety under Trog
   658 | D:1      | Reached XP level 4. HP: 76/76 MP: 100/100
   757 | D:2      | Reached *** piety under Trog
  1107 | D:2      | Noticed Jessica
  1120 | D:2      | Killed Jessica
  1120 | D:2      | Reached skill level 5 in Axes
  1469 | D:3      | Reached **** piety under Trog
  1469 | D:3      | Reached XP level 5. HP: 88/88 MP: 100/100
  1557 | D:3      | Found a glowing drain.
  1562 | Sewer    | Entered a sewer
  2106 | D:3      | Reached ***** piety under Trog
  2167 | D:3      | Found a sacrificial altar of Ru.
  3372 | D:4      | Reached skill level 5 in Fighting
  3372 | D:4      | Reached XP level 6. HP: 100/100 MP: 100/100
  3483 | D:4      | Found Zin's Purification Station.
  3483 | D:4      | Found a glowing silver altar of Zin.
  3791 | D:5      | Entered Level 5 of the Dungeon
  3993 | D:5      | Found a faded altar of an unknown god.
  4122 | D:5      | Found a blossoming altar of Fedhas.
  4134 | D:5      | Found a shimmering altar of Xom.
  4143 | D:5      | Received a gift from Trog
  5761 | D:6      | Identified the Catalogue of Cankerous Darkness
  6043 | D:6      | Found Oduxox's Magic Scroll Emporium.
  6068 | D:6      | Bought a scroll of enchant armour for 105 gold pieces
  6068 | D:6      | Bought a scroll of enchant weapon for 105 gold pieces
  6895 | D:7      | Entered Level 7 of the Dungeon
  6958 | D:7      | Found an opulent altar of Gozag.
  6970 | D:7      | Found Dotyihekk's Assorted Antiques.
  7232 | D:7      | Reached XP level 7. HP: 104/112 MP: 33/100
  7292 | D:7      | Found a staircase to the Lair.
  7474 | D:7      | Noticed Grinder
  7488 | D:7      | Killed Grinder
  8290 | D:7      | Bought a scroll of remove curse for 96 gold pieces
  8372 | Lair:1   | Entered Level 1 of the Lair of Beasts
  8539 | Lair:1   | Found a stormy altar of Qazlal.
  8668 | Lair:1   | Reached XP level 8. HP: 92/122 MP: 33/100
  8669 | Lair:1   | Reached skill level 6 in Axes
  9315 | Lair:1   | Noticed Fannar
  9347 | Lair:1   | Killed Fannar
  9347 | Lair:1   | Reached XP level 9. HP: 134/134 MP: 33/100
  9547 | Lair:1   | Received a gift from Trog
 10403 | Lair:2   | Reached skill level 5 in Armour
 10488 | Lair:2   | Reached XP level 10. HP: 85/146 MP: 33/100
 10489 | Lair:2   | Reached skill level 7 in Axes
 10605 | Lair:2   | Reached ****** piety under Trog
 10980 | Lair:2   | Found a basalt altar of Yredelemnul.
 11094 | Lair:2   | Received a gift from Trog
 11828 | Lair:2   | Found a snail-covered altar of Cheibriados.
 12344 | Lair:3   | Reached XP level 11. HP: 144/157 MP: 33/100
 12366 | Lair:3   | Reached skill level 1 in Short Blades
 12688 | Lair:3   | Received a gift from Trog
 13025 | Lair:3   | Reached skill level 8 in Axes
 13904 | Lair:4   | Was placed under penance by Trog
 13906 | Lair:4   | Learned a level 1 spell: Sting
 13988 | Lair:4   | Found a staircase to the Snake Pit.
 14112 | Lair:4   | Noticed a two-headed hydra
 14126 | Lair:4   | Killed a ten-headed hydra
 14126 | Lair:4   | Reached skill level 1 in Spellcasting
 14126 | Lair:4   | Reached XP level 12. HP: 67/172 MP: 33/100
 14926 | Lair:4   | Was forgiven by Trog
 14948 | Lair:4   | Reached skill level 5 in Dodging
 15529 | Lair:4   | Got a faintly glowing platinum ring
 15963 | Lair:5   | Found a staircase to the Swamp.
 16109 | Lair:5   | Found a sacrificial altar of Ru.
 16209 | Lair:5   | Received a gift from Trog
 16215 | Lair:5   | Reached XP level 13. HP: 103/182 MP: 33/100
 16476 | Lair:5   | Reached skill level 9 in Axes
 16484 | Lair:5   | HP: 11/180 [death yak (17)]
 16856 | Lair:5   | Noticed Josephine
 16863 | Lair:5   | Killed Josephine
 17945 | Lair:6   | Found a labyrinth entrance.
 18413 | Lair:6   | Found a staircase to the Shoals.
 18638 | Lair:6   | Received a gift from Trog
 18678 | Lair:6   | Reached skill level 5 in Short Blades
 18678 | Lair:6   | Reached XP level 14. HP: 80/189 MP: 33/100
 19500 | Lair:6   | Reached skill level 10 in Axes
 20272 | Lair:7   | Entered Level 7 of the Lair of Beasts
 20297 | Lair:7   | Received a gift from Trog
 20432 | Lair:7   | Reached XP level 15. HP: 197/205 MP: 33/100
 20492 | Lair:7   | Quit the game

Skill      XL: |  1  2  3  4  5  6  7  8  9 10 11 12 13 14 |
---------------+-------------------------------------------+-----
Dodging        | 2 3 4 5 6 |  6.6
Axes           | 5 6 7 8 9 10 | 10.6
Armour         | 3 4 5 6 7 8 |  8.7
Fighting       | 5 6 7 8 9 |  9.9
Short Blades   | 2 3 5 6 |  6.2
Spellcasting   | 1 2 |  2.2

Action                   |  1- 3 |  4- 6 |  7- 9 | 10-12 | 13-15 || total
-------------------------+-------+-------+-------+-------+-------++-------
Melee: Hand axe          |   103 |   480 |       |       |       ||   583
       Battleaxe         |       |   161 |   314 |   613 |     4 ||  1092
       Quick blade       |       |       |       |   218 |       ||   218
       Executioner's axe |       |       |       |       |   523 ||   523
 Cast: Sting             |       |       |       |     1 |       ||     1
  Use: Scroll            |       |    17 |    15 |     6 |     1 ||    39
       Potion            |       |       |       |     1 |     4 ||     5
Armor: Animal skin       |    11 |       |       |       |       ||    11
       Plate armour      |     2 |   365 |   281 |   802 |   818 ||  2268
Dodge: Dodged            |   109 |   292 |   249 |   681 |   707 ||  2038
